 Dungeon Crawl Stone Soup version 0.24-a0-537-g2d01d4ab0a (webtiles) character file.

Game seed: 5497968609089639172

10657 GameOver the Cutter (level 11, -8/81 HPs)
             Began as a Naga Wizard on Aug 15, 2019.
             Was a Believer of Kikubaaqudgha.
             Killed from afar by a storm dragon (38 damage)
             ... with a bolt of lightning
             ... on level 1 of the Lair of Beasts.
             The game lasted 01:05:40 (8319 turns).

GameOver the Cutter (Naga Wizard)                   Turns: 8319, Time: 01:05:41

Health: -8/81      AC: 10    Str: 10    XL:     11   Next: 65%
Magic:  14/20      EV: 15    Int: 22    God:    Kikubaaqudgha [**....]
Gold:   214        SH:  4    Dex: 14    Spells: 10/22 levels left

rFire    . . .     SeeInvis +   o - +4 quarterstaff (chaos)
rCold    . . .     Gourm    .   (shield currently unavailable)
rNeg     + . .     Faith    .   j - +2 robe
rPois    +         Spirit   .   b - +0 helmet
rElec    .         Reflect  +   F - +0 cloak
rCorr    .         Harm     .   n - +0 pair of gloves
MR       +....                  (no barding)
Stlth    ++++......             a - +4 amulet of reflection
HPRegen  1.23/turn              r - +1 ring of protection
MPRegen  0.17/turn              H - ring of positive energy

@: agile, regenerating, very slow
A: large, see invisible, deformed body, poison resistance, slowness 2, slow
metabolism 1, spit poison 1, AC +3
a: Spit Poison, Receive Corpses, Renounce Religion


You were on level 1 of the Lair of Beasts.
You worshipped Kikubaaqudgha.
Kikubaaqudgha was pleased with you.
You were not hungry.

You visited 3 branches of the dungeon, and saw 11 of its levels.
You also visited: Sewer and Gauntlet.

You collected 504 gold pieces.
You spent 290 gold pieces at shops.

Inventory:

Hand Weapons
 h - a +0 whip of electrocution
 o - a +4 quarterstaff of chaos (weapon)
 w - a +2 short sword of venom
 Q - a +2 hunting sling of freezing
 R - a +4 long sword of holy wrath
 W - a +2 short sword of flaming
Missiles
 f - 27 sling bullets
Armour
 b - a +0 helmet (worn)
 j - a +2 robe (worn)
 n - a +0 pair of gloves (worn)
 y - the +1 leather armour "Taamp" {MR++}
   (You found it on level 6 of the Dungeon)

   It affects your resistance to hostile enchantments.
 F - a +0 cloak (worn)
 M - a +0 troll leather armour
Magical Staves
 S - an uncursed staff of summoning {unknown}
Jewellery
 a - a +4 amulet of reflection (around neck)
 r - a +1 ring of protection (left hand)
 H - a ring of positive energy (right hand)
 J - an uncursed amulet of magic regeneration
 O - the ring of Midnight {rElec rPois rC- Int+5 Stlth+}
   (You found it in a Gauntlet)

   [ring of poison resistance]

   It affects your intelligence (+5).
   It makes you vulnerable to cold.
   It insulates you from electricity.
   It protects you from poison.
   It makes you more stealthy.
Wands
 s - a wand of acid (3)
 t - a wand of iceblast (9)
 u - a wand of digging (4)
 x - a wand of polymorph (16)
 I - a wand of random effects (4)
 T - a wand of clouds (5)
 U - a wand of flame (19)
Scrolls
 g - 3 scrolls of fear
 i - 9 scrolls of remove curse
 l - 4 scrolls of teleportation
 m - 2 scrolls of fog {unknown}
 p - 3 scrolls of enchant weapon {unknown}
 q - 2 scrolls of blinking
 D - a scroll of summoning
 K - a scroll of amnesia {unknown}
 L - a scroll of immolation
Potions
 c - a potion of resistance {unknown}
 e - a potion of might
 k - 3 potions of agility
 v - a potion of berserk rage
 z - 2 potions of flight {unknown}
 A - 4 potions of brilliance
 B - 2 potions of heal wounds
 C - a potion of degeneration {unknown}
 E - a potion of mutation
 G - 2 potions of cancellation {unknown}
 N - 2 potions of haste {unknown}
Comestibles
 d - 16 rations
 P - a chunk of flesh


   Skills:
 - Level 6.3 Short Blades
 - Level 6.0 Staves
 * Level 0.5 Armour
 - Level 1.5 Dodging
 - Level 6.0 Stealth
 - Level 6.0 Spellcasting
 - Level 6.0 Conjurations
 + Level 5.2 Charms
   Level 1.0 Summonings
 + Level 5.3 Necromancy
 - Level 3.0 Translocations
 - Level 6.1 Fire Magic
 - Level 6.1 Poison Magic
 - Level 6.1 Evocations


You had 10 spell levels left.
You knew the following spells:

 Your Spells              Type           Power        Failure   Level  Hunger
a - Magic Dart            Conj           ####         1%          1    None
b - Blink                 Tloc           N/A          4%          2    None
d - Mephitic Cloud        Conj/Pois/Air  ###.....     5%          3    #......
f - Conjure Flame         Conj/Fire      ####....     2%          3    #......
x - Regeneration          Chrm/Necr      ####......   3%          3    #......

Your spell library contained the following spells:

 Spells                   Type           Power        Failure   Level  Hunger
 Pain                     Necr           ####         1%          1    None
 Corpse Rot               Necr           N/A          1%          2    None
 Sublimation of Blood     Necr           ####......   1%          2    None
 Call Imp                 Summ           ##......     9%          2    None
 Slow                     Hex            #.......     14%         2    None


Dungeon Overview and Level Annotations

Branches:
Dungeon (8/15)             Temple (1/1) D:5            Lair (2/6) D:8
  Swamp: Lair:2-4    Shoals: Lair:2-4     Snake: Lair:2-4    Spider: Lair:2-4

Altars:
Cheibriados
Dithmenos
Fedhas
Gozag
Hepliaklqana
Kikubaaqudgha
Makhleb
Nemelex Xobeh
Okawaru
Qazlal
Ru
Sif Muna
Trog
Uskayaw
Vehumet
Wu Jian
Xom
Yredelemnul
Zin

Shops:
D:4 ?   D:5 [


Innate Abilities, Weirdness & Mutations

You cannot wear boots.
Your serpentine skin is tough. (AC +3)
You have supernaturally acute eyesight. (SInv)
Armour fits poorly on your strangely shaped body.
Your system is resistant to poisons. (rPois)
You cover ground very slowly.
You have a slow metabolism.
You can spit poison.


Message History

The eight-headed hydra bites you but does no damage.
Unknown command.
You feel much better.
The eight-headed hydra is engulfed in blazing flames.
The eight-headed hydra bites you but does no damage.
The eight-headed hydra barely misses you.
The eight-headed hydra bites you! x2
The eight-headed hydra bites you but does no damage.
The eight-headed hydra bites you. x2
You block the eight-headed hydra's attack.
Unknown command.
Unknown command.
You sock the eight-headed hydra!
The eight-headed hydra evaporates and reforms as a storm dragon!
The storm dragon is lightly wounded.
The storm dragon is engulfed in blazing flames.
The storm dragon breathes lightning at you.
The bolt of lightning hits you!!!
You die...
Kikubaaqudgha rasps: "You have failed me!
Welcome... death!"

.................# #.
................(<# #.
..................# #.
..................# ##.
>.................## #..
...................# ##.
.............รท....#####.
........................
.......@......[.........
..#.#.D#####....###...##
# #.. ##...# #..P# #..
#...####..## #.. ##..#
#...# #.. .... ##..# #..
#...# #..# #.. ##.. #..#
#P##


You could see a storm dragon.

Vanquished Creatures
  A minotaur (Gauntlet)
  A hydra (Lair:1)
  A lindwurm (shapeshifter) (D:7)
  A mana viper (shapeshifter) (Lair:1)
  2 torpor snails (Gauntlet)
  A troll (D:8)
  2 hippogriffs
  Sigmund (D:2)
  9 yaks
  A wyvern (D:8)
  A fire bat (shapeshifter) (Gauntlet)
  Menkaure (D:6)
  A warg (shapeshifter) (D:7)
  2 water moccasins
  6 porcupines
  Duvessa (D:5)
  An ice beast (D:8)
  A black bear (D:8)
  3 orc warriors (D:7)
  3 sky beasts (D:7)
  A necrophage (D:8)
  A phantom (D:8)
  4 centaurs
  3 ogres
  2 wolves (Gauntlet)
  3 crocodiles
  A centaur (shapeshifter) (Gauntlet)
  4 big kobolds (Sewer)
  Blork the orc (D:5)
  8 bullfrogs
  A bullfrog (shapeshifter) (Gauntlet)
  Dowan (D:5)
  2 scorpions (D:5)
  4 killer bees
  A howler monkey (D:6)
  3 crimson imps
  3 bullfrog zombies
  2 centaur zombies
  2 bullfrog skeletons (D:5)
  A jelly (D:7)
  An orc wizard (D:7)
  A centaur skeleton (D:8)
  4 orc priests
  2 hounds (D:7)
  Crazy Yiuf (D:6)
  Ijyb (D:3)
  Jessica (D:3)
  7 worker ants
  Natasha (twice) (D:2)
  3 hound zombies
  2 hound skeletons
  A worker ant zombie (D:5)
  8 gnolls
  A howler monkey skeleton (D:4)
  10 adders
  A shadow imp (D:5)
  2 oozes (Sewer)
  2 adder zombies (D:5)
  2 adder skeletons
  6 worms
  2 dart slugs (D:1)
  6 leopard geckos
  25 orcs
  12 bats
  9 giant cockroaches
  8 hobgoblins
  11 jackals
  5 quokkas
  3 ball pythons
  A ball python skeleton (D:5)
  6 frilled lizards
  A giant cockroach zombie (D:5)
  5 goblins
  18 kobolds
  A leopard gecko skeleton (D:4)
  3 leopard gecko zombies
  2 quokka zombies (D:5)
  10 rats
  2 butterflies (D:7)
276 creatures vanquished.

Vanquished Creatures (collateral kills)
  A worker ant (D:7)
1 creature vanquished.

Vanquished Creatures (others)
  An orc (D:7)
  2 demonic plants (Gauntlet)
  14 fungi (D:8)
  2 plants (D:8)
19 creatures vanquished.

Grand Total: 296 creatures vanquished

Notes
Turn   | Place    | Note
-------+----------+-------------------------------------------
     0 | D:1      | GameOver the Naga Wizard began the quest for the Orb.
     0 | D:1      | Reached XP level 1. HP: 15/15 MP: 4/4
    48 | D:1      | Reached XP level 2. HP: 22/22 MP: 3/6
   287 | D:1      | Reached XP level 3. HP: 17/28 MP: 4/7
   421 | D:1      | Learned a level 2 spell: Blink
   425 | D:1      | Learned a level 3 spell: Mephitic Cloud
   668 | D:2      | Noticed Natasha
   677 | D:2      | Killed Natasha
   677 | D:2      | Reached XP level 4. HP: 16/36 MP: 3/8
   725 | D:2      | Found a faded altar of an unknown god.
   849 | D:2      | Noticed Sigmund
   872 | D:2      | Killed Sigmund
   872 | D:2      | Reached skill level 5 in Conjurations
   872 | D:2      | Reached XP level 5. HP: 42/42 MP: 0/9
   872 | D:2      | Reached XP level 6. HP: 49/49 MP: 0/10
  1345 | D:2      | Found a bloodstained altar of Trog.
  1347 | D:2      | Found a bloodstained altar of Trog.
  1347 | D:2      | Found a shimmering altar of Xom.
  1349 | D:2      | Found an ornate altar of the Wu Jian Council.
  1349 | D:2      | Found a sparkling altar of Nemelex Xobeh.
  1349 | D:2      | Found a radiant altar of Vehumet.
  1422 | D:2      | Noticed Natasha
  1426 | D:2      | Killed Natasha
  1685 | D:3      | Reached skill level 1 in Poison Magic
  1894 | D:3      | Noticed Ijyb
  1910 | D:3      | Killed Ijyb
  1910 | D:3      | Reached skill level 1 in Short Blades
  2207 | D:3      | Noticed Jessica
  2209 | D:3      | Killed Jessica
  2508 | D:4      | Reached XP level 7. HP: 55/55 MP: 9/11
  2707 | D:4      | Found Eceu's Magic Scroll Boutique.
  2710 | D:4      | Bought a scroll of remove curse for 30 gold pieces
  2710 | D:4      | Bought a scroll of identify for 20 gold pieces
  2710 | D:4      | Bought a scroll of random uselessness for 10 gold pieces
  2710 | D:4      | Bought a scroll of teleportation for 30 gold pieces
  2710 | D:4      | Bought a scroll of magic mapping for 35 gold pieces
  2782 | D:4      | Learned a level 3 spell: Conjure Flame
  3093 | D:4      | You fall into a shaft and drop 2 floors!
  3113 | D:5      | Entered Level 5 of the Dungeon
  3118 | D:5      | Noticed Duvessa
  3119 | D:5      | Reached skill level 5 in Stealth
  3174 | D:6      | Got a pitted leather armour
  3239 | D:5      | Noticed Dowan
  3300 | D:5      | Reached XP level 8. HP: 53/62 MP: 3/12
  3310 | D:5      | Noticed Blork the orc
  3364 | D:5      | Reached skill level 5 in Poison Magic
  3379 | D:5      | Found a glowing drain.
  3389 | Sewer    | Entered a sewer
  3639 | Sewer    | Reached skill level 5 in Short Blades
  3712 | D:5      | Found a burning altar of Makhleb.
  3778 | D:5      | Found a staircase to the Ecumenical Temple.
  3786 | Temple   | Entered the Ecumenical Temple
  4042 | D:5      | Killed Blork the orc
  4103 | D:5      | Killed Duvessa
  4112 | D:5      | Killed Dowan
  4119 | D:5      | Reached skill level 1 in Fire Magic
  4119 | D:5      | Reached skill level 1 in Evocations
  4146 | D:5      | Identified the cursed +1 leather armour "Taamp" {MR++} (You
                  | found it on level 6 of the Dungeon)
  4329 | D:5      | Reached XP level 9. HP: 44/68 MP: 2/14
  4364 | D:5      | Found Hilep's Armour Shoppe.
  4551 | D:5      | Found an opulent altar of Gozag.
  4551 | D:5      | Found a glowing silver altar of Zin.
  4819 | D:6      | Noticed Menkaure
  4931 | D:6      | Found an ornate altar of the Wu Jian Council.
  4933 | D:6      | Found a sacrificial altar of Ru.
  4934 | D:6      | Found an ancient bone altar of Kikubaaqudgha.
  4937 | D:6      | Became a worshipper of Kikubaaqudgha
  4994 | D:6      | Killed Menkaure
  5100 | D:6      | Found a runed translucent door.
  5101 | D:6      | Noticed Crazy Yiuf
  5110 | D:6      | Killed Crazy Yiuf
  5616 | D:7      | Reached skill level 1 in Staves
  5619 | D:7      | Found a runed translucent door.
  5621 | D:7      | Found a runed translucent door.
  5687 | D:7      | Reached * piety under Kikubaaqudgha
  5687 | D:7      | Identified Kikubaaqudgha's Grimoire of Evil Rituals
                  | (Kikubaaqudgha gifted it to you on level 7 of the Dungeon)
  5687 | D:7      | Received a gift from Kikubaaqudgha
  5776 | D:7      | Noticed a meliai
  5776 | D:7      | a golden eye changed into a meliai
  5859 | D:7      | Noticed a lindwurm
  5896 | D:7      | Killed a lindwurm
  5896 | D:7      | Reached skill level 5 in Spellcasting
  5896 | D:7      | Reached XP level 10. HP: 35/75 MP: 13/17
  5978 | D:7      | Found a glowing silver altar of Zin.
  6001 | D:7      | Learned a level 3 spell: Regeneration
  6306 | D:7      | Found a shimmering blue altar of Sif Muna.
  6306 | D:7      | Found a radiant altar of Vehumet.
  6663 | D:8      | Reached skill level 5 in Staves
  6663 | D:8      | Reached skill level 1 in Necromancy
  6668 | D:8      | Reached skill level 1 in Charms
  6739 | D:8      | Reached ** piety under Kikubaaqudgha
  6854 | D:8      | Reached skill level 5 in Fire Magic
  6854 | D:8      | Reached skill level 5 in Evocations
  6925 | D:8      | Found a staircase to the Lair.
  7312 | D:4      | Bought a scroll of summoning for 95 gold pieces
  7312 | D:4      | Bought a scroll of immolation for 35 gold pieces
  7312 | D:4      | Bought a scroll of fear for 35 gold pieces
  7401 | Lair:1   | Entered Level 1 of the Lair of Beasts
  7484 | Lair:1   | Reached XP level 11. HP: 53/81 MP: 10/20
  7486 | Lair:1   | Noticed a seven-headed hydra
  7487 | Lair:1   | Noticed a mana viper
  7487 | Lair:1   | a jumping spider changed into a mana viper
  7491 | Lair:1   | Killed a mana viper
  7500 | Lair:1   | HP: 4/81 [seven-headed hydra (12)]
  7501 | Lair:1   | Killed a seven-headed hydra
  7554 | Lair:1   | You fall into a shaft and drop 1 floor!
  7665 | Lair:1   | Found a gate leading to a gauntlet.
  7674 | Gauntlet | Entered a Gauntlet
  7674 | Gauntlet | Found a transporter.
  7674 | Gauntlet | Found a transporter.
  7674 | Gauntlet | Found a transporter.
  7674 | Gauntlet | Noticed a tengu warrior
  7681 | Gauntlet | Found a transporter.
  7681 | Gauntlet | Found a transporter.
  7851 | Gauntlet | Found a transporter.
  7851 | Gauntlet | Found a transporter.
  7857 | Gauntlet | Noticed a salamander
  7857 | Gauntlet | a spiny frog changed into a salamander
  7861 | Gauntlet | Noticed a two-headed ogre
  7870 | Gauntlet | Noticed an orb spider
  7871 | Gauntlet | Noticed a manticore
  7871 | Gauntlet | a floating eye changed into a manticore
  7871 | Gauntlet | an orb spider changed into an eye of draining
  7872 | Gauntlet | a manticore changed into a swamp worm
  7875 | Gauntlet | Noticed a shining eye
  7875 | Gauntlet | a swamp worm changed into a shining eye
  7881 | Gauntlet | Noticed a sea snake
  7881 | Gauntlet | a shining eye changed into a sea snake
  7884 | Gauntlet | Noticed a faun
  7884 | Gauntlet | a sea snake changed into a faun
  7886 | Gauntlet | a faun changed into a slime creature
  7901 | Gauntlet | Noticed a sea snake
  7901 | Gauntlet | an eye of devastation changed into a sea snake
  7906 | Gauntlet | Noticed a mana viper
  7906 | Gauntlet | a sea snake changed into a mana viper
  7910 | Gauntlet | Noticed a death drake
  7910 | Gauntlet | a mana viper changed into a death drake
  7913 | Gauntlet | Noticed a sea snake
  7913 | Gauntlet | a death drake changed into a sea snake
  7923 | Gauntlet | Noticed a death drake
  7923 | Gauntlet | a sea snake changed into a death drake
  7924 | Gauntlet | a death drake changed into a komodo dragon
  7951 | Gauntlet | Noticed a harpy
  7951 | Gauntlet | a blink frog changed into a harpy
  7957 | Gauntlet | a harpy changed into a raiju
  7989 | Gauntlet | Found a transporter.
  7994 | Gauntlet | Got a scintillating wooden ring
  7998 | Gauntlet | Identified the ring of Midnight {rElec rPois rC- Int+5
                  | Stlth+} (You found it in a Gauntlet)
  8036 | Gauntlet | Noticed a hell beast
  8047 | Gauntlet | Noticed a minotaur
  8075 | Gauntlet | Killed a minotaur
  8075 | Gauntlet | Reached skill level 5 in Charms
  8075 | Gauntlet | Reached skill level 5 in Necromancy
  8312 | Lair:1   | Noticed an eight-headed hydra
  8319 | Lair:1   | Noticed a storm dragon
  8319 | Lair:1   | an eight-headed hydra changed into a storm dragon
  8319 | Lair:1   | Killed from afar by a storm dragon

Levels and vault maps discovered:
D:1:      beargit_arrival_greenhouse, layout_basic
D:2:      layout_basic, doesnt_xom_only_xom, chequers_ecumenical_altar_twisty,
          minmay_split_cup_large, uniq_natasha, uniq_sigmund
D:3:      layout_loops_ring, first_ration, minmay_misc_feat_alley, uniq_jessica,
          uniq_ijyb
D:4:      layout_basic, serial_shops, kennysheep_mini
D:5:      layout_rooms, grunt_temple_overflow_gold_and_silver,
          marbit_many_paths, minmay_temple_entry_glassed_door,
          portal_sewer_entry_d, serial_undead, serial_undead_a, serial_undead_f,
          serial_undead_f, serial_undead_e, serial_undead_c, serial_undead_a,
          serial_undead_b, serial_shops, shop, uniq_duvessa, uniq_blork_the_orc
D:6:      layout_basic, minitemple, chequers_jeans, uniq_menkaure,
          uniq_crazy_yiuf_cottage
D:7:      lemuel_insect_pit, layout_basic, gammafunk_temple_overflow_statue,
          basic_altar
D:8:      layout_cave_pools, due_lair_maze_entry_diamond
Temple:   jpeg_temple_alley_garden
Lair:1:   statuecave_lemuel, layout_small_grid, gauntlet_entry_generic
Lair:2:   layout_long_grid, minmay_shoals_entry_lonely_mermaid

Skill      XL: |  1  2  3  4  5  6  7  8  9 10 11 |
---------------+----------------------------------+-----
Conjurations   | 2 3 5 6 |  6.0
Poison Magic   | 2 4 6 |  6.1
Short Blades   | 1 3 6 |  6.3
Stealth        | 4 6 |  6.0
Fire Magic     | 1 4 5 6 |  6.1
Evocations     | 1 4 5 6 |  6.1
Spellcasting   | 5 6 |  6.0
Staves         | 4 5 6 |  6.0
Necromancy     | 2 5 |  5.3
Translocations | 3 |  3.0
Charms         | 2 5 |  5.2
Armour         | |  0.5
Dodging        | |  1.5
Summonings     | |  1.0

Action                   |  1- 3 |  4- 6 |  7- 9 | 10-12 || total
-------------------------+-------+-------+-------+-------++-------
Melee: Short sword       |     7 |    52 |   212 |       ||   271
       Quarterstaff      |       |       |    75 |   146 ||   221
 Cast: Magic Dart        |    37 |    48 |    81 |    77 ||   243
       Mephitic Cloud    |       |     4 |    19 |    28 ||    51
       Conjure Flame     |       |       |     5 |    13 ||    18
       Blink             |       |       |     3 |     4 ||     7
       Regeneration      |       |       |       |    11 ||    11
 Abil: Spit Poison       |    24 |    58 |    68 |    57 ||   207
Evoke: Wand              |       |       |     1 |    20 ||    21
  Use: Potion            |       |     1 |     7 |     7 ||    15
       Scroll            |       |       |    10 |     2 ||    12
 Stab: Sleeping          |       |     1 |     5 |     2 ||     8
       Confused          |       |       |     4 |    15 ||    19
  Eat: Chunk             |       |     9 |     9 |     9 ||    27
       Ration            |       |       |     2 |     1 ||     3
Armor: Robe              |     5 |    15 |    79 |    57 ||   156
       Skin              |       |       |     2 |     2 ||     4
Dodge: Dodged            |     4 |    21 |   118 |    68 ||   211
Block: Other             |       |     2 |    47 |    31 ||    80
       Reflection        |       |       |     2 |       ||     2

Table legend:
 A = Non-vault XP
 B = Vault XP
 C = Vault XP percentage of total XP
 D = Non-vault monster count
 E = Vault monster count
 F = Vault count percentage of total count
                 A         B        C        D         E       F
            +---------+---------+-------+---------+---------+-------
      Total |    8655 |    6570 |  43.2 |     188 |      88 |  31.9
            +---------+---------+-------+---------+---------+-------
        D:1 |      56 |       0 |   0.0 |      21 |       0 |   0.0
        D:2 |     100 |     256 |  71.9 |      25 |       7 |  21.9
        D:3 |     120 |      75 |  38.5 |      36 |       2 |   5.3
        D:4 |      73 |       0 |   0.0 |       9 |       0 |   0.0
        D:5 |     883 |     582 |  39.7 |      24 |      18 |  42.9
        D:6 |     469 |     211 |  31.0 |      12 |       2 |  14.3
        D:7 |    2512 |     241 |   8.8 |      35 |      12 |  25.5
        D:8 |    1555 |    1230 |  44.2 |      16 |      10 |  38.5
     Lair:1 |    2887 |       0 |   0.0 |      10 |       0 |   0.0
      Sewer |       0 |     421 | 100.0 |       0 |      24 | 100.0
   Gauntlet |       0 |    3554 | 100.0 |       0 |      13 | 100.0
            +---------+---------+-------+---------+---------+-------
